AoeStats
← ska_18

Socotra

504206642Analyzed
3v3 RM · 28d ago on Sep 4, 2026· 13m 40s· 6 players
Game mode
Random Map
Map size
128×128
Population
200
Speed
Normal
Resources
Standard
Victory
Conquest
Starting age
Dark Age
Ending age
Imperial Age
RankedLock teamsTeams togetherTeam positionsShared explorationLock speedFull tech treeHidden civsTurbo modeCheats
Victory
Defeat
🇩🇪 Tupi · Germany
1269
+9
🇨🇳 Franks · China
1265
+9
🇦🇺 Armenians · Australia
1125
+16
🇨🇿 Cumans · Czechia
1151
-13
🇺🇸 Armenians · United States
1098
-11
🇦🇹 Saracens · Austria
1079
-10
droger144
ska_18
Stromovous
Creed
11:12 Feudal Age
12:37 Arson
12:12 Champi Runner
Rocinante
12:32 Feudal Age
11:45 Loom
12:32 Man-at-Arms
12:59 Arson
13:40 Long Swordsman
绵绵
10:12 Feudal Age
11:39 Man-at-Arms
12:25 Man-at-Arms
Connection lost

Rejoining the realm…

Still unreachable

The connection could not be restored.

Session expired

The server has moved on; the page needs a fresh start.